 Dungeon Crawl Stone Soup version 0.23.2-1-ga50397a6bc (webtiles) character file.

Game seed: 11885605907745985100

223 Teps the Cutter (level 6, -8/38 HPs)
             Began as a Kobold Berserker on May 8, 2019.
             Was a Believer of Trog.
             Killed by divine providence
             ... invoked by an orc priest
              (13 damage)
             ... on level 3 of the Dungeon.
             The game lasted 00:07:02 (3197 turns).

Teps the Cutter (Kobold Berserker)                  Turns: 3197, Time: 00:07:04

Health: -8/38      AC:  5    Str: 14    XL:     6   Next: 20%
Magic:  6/6        EV: 16    Int:  8    God:    Trog [**....]
Gold:   83         SH:  0    Dex: 17    Spells: 5/5 levels left

rFire    . . .     SeeInvis .   a - +0 short sword
rCold    . . .     Gourm    .   (shield restricted)
rNeg     . . .     Faith    .   d - +0 leather armour
rPois    .         Spirit   .   r - +0 helmet
rElec    .         Reflect  .   p - +0 cloak
rCorr    .         Harm     .   (no gloves)
MR       .....                  (no boots)
Stlth    ++........             (no amulet)
HPRegen  0.12/turn              (no ring)
MPRegen  0.10/turn              (no ring)

@: berserk cooldown, slowed, very slow
A: small, carnivore
a: Berserk, Trog's Hand, Renounce Religion


You were on level 3 of the Dungeon.
You worshipped Trog.
Trog was pleased with you.
You were very full.

You visited 1 branch of the dungeon, and saw 3 of its levels.

You collected 83 gold pieces.

Inventory:

Hand Weapons
 a - a +0 short sword (weapon)
Missiles
 t - a poisoned needle
Armour
 d - a +0 leather armour (worn)
 p - a +0 cloak (worn)
 r - a +0 helmet (worn)
Jewellery
 h - an uncursed amulet of faith {unknown}
 k - an uncursed ring of protection from cold {unknown}
Wands
 o - a wand of random effects (27)
 q - a wand of acid (12)
Scrolls
 g - 2 scrolls of remove curse {unknown}
 m - 4 scrolls of identify {unknown}
 n - a scroll of immolation {unknown}
Potions
 b - a potion of heal wounds {unknown}
 e - a potion of resistance {unknown}
 f - 3 potions of agility {unknown}
 i - a potion of brilliance {unknown}
 j - 2 potions of degeneration {unknown}
 l - a potion of haste
Comestibles
 c - 8 rations
 s - a chunk of flesh


   Skills:
 + Level 3.9 Fighting
 * Level 6.9 Short Blades
 - Level 1.5 Armour
 + Level 3.3 Dodging
 * Level 3.3 Stealth


You had 5 spell levels left.
You didn't know any spells.
Your spell library was empty.

Dungeon Overview and Level Annotations

Branches:
Dungeon (3/15)

Altars:
Dithmenos
Zin


Innate Abilities, Weirdness & Mutations

You are small and have problems with some larger weapons.
You are carnivorous and can eat meat at any time.


Message History

You feel your anger nearly subside.
You are no longer berserk.
You are exhausted.
You feel yourself slow down.
You feel sick.
You are no longer poisoned.
The orc shouts!
A rat comes into view.
The orc priest closely misses you.
Items here: ( )) † a +0 club; a +0 blowgun; 12 poisoned needles; a kobold corpse You closely miss the orc priest.
The orc priest casts a cantrip, but nothing happens.
You hit the orc priest.
The orc priest is lightly wounded.
The orc hits you with a +0 hand axe.
* * * LOW HITPOINT WARNING * * *
The orc priest calls down the wrath of Beogh upon you.
Beogh smites you!
You die...

##########....##.#...#.
#..(...........#.#...#.
#..(...........#.#.....
#................##..#.
#....(....#.......÷....
####....(..).#######.##.#.
..........................
#########.##########.##.##
#######@# #.##+# ......oo#
#.# ........# #.#
........# ..# .######.#
... #r. #.. #...
..######### #%..


You could see an orc priest, an orc and a rat.

Vanquished Creatures
  Natasha (thrice) (D:2)
  3 gnolls (D:2)
  3 adders
  An ooze (D:2)
  4 worms
  3 dart slugs
  An orc (D:3)
  A ball python (D:1)
  9 bats
  3 giant cockroaches
  9 hobgoblins
  2 jackals (D:1)
  9 kobolds
  2 quokkas (D:3)
  7 frilled lizards
  8 goblins
  8 rats
76 creatures vanquished.

Notes
Turn   | Place    | Note
-------+----------+-------------------------------------------
     0 | D:1      | Teps the Kobold Berserker began the quest for the Orb.
     0 | D:1      | Reached XP level 1. HP: 14/14 MP: 1/1
    74 | D:1      | Reached XP level 2. HP: 9/19 MP: 2/2
   324 | D:1      | Reached skill level 1 in Stealth
   547 | D:1      | Reached XP level 3. HP: 19/23 MP: 3/3
   720 | D:1      | Reached skill level 5 in Short Blades
   808 | D:1      | Reached ** piety under Trog
  1612 | D:2      | Reached XP level 4. HP: 28/28 MP: 4/4
  1966 | D:2      | Reached skill level 6 in Short Blades
  1966 | D:2      | Reached XP level 5. HP: 25/33 MP: 5/5
  2124 | D:2      | Found a glowing silver altar of Zin.
  2130 | D:2      | Noticed Natasha
  2141 | D:2      | Killed Natasha
  2258 | D:2      | Noticed Natasha
  2265 | D:2      | Killed Natasha
  2288 | D:2      | Noticed Natasha
  2673 | D:2      | Killed Natasha
  2673 | D:2      | Reached XP level 6. HP: 38/38 MP: 6/6
  2991 | D:3      | Found a shadowy altar of Dithmenos.
  3197 | D:3      | Killed from afar by an orc priest

Skill      XL: |  1  2  3  4  5 |
---------------+----------------+-----
Stealth        | 1 2 3 |  3.3
Short Blades   | 5 6 |  6.9
Dodging        | 3 |  3.3
Fighting       | |  3.9
Armour         | |  1.5

Action                   |  1- 3 |  4- 6 || total
-------------------------+-------+-------++-------
Melee: Short sword       |   127 |   164 ||   291
Invok: Berserk           |     5 |     7 ||    12
       Trog's Hand       |     1 |     1 ||     2
 Stab: Sleeping          |     1 |     5 ||     6
  Eat: Chunk             |    11 |    16 ||    27
Armor: Leather armour    |    30 |    35 ||    65
Dodge: Dodged            |   127 |   126 ||   253
